 Dungeon Crawl Stone Soup version 0.22-a0-368-g870eee8 (webtiles) character file.

72 dstrtnsr the Skirmisher (level 4, 0/45 HPs)
             Began as an Ogre Enchanter on Apr 23, 2018.
             Slain by a scorpion (9 damage)
             ... on level 4 of the Dungeon.
             The game lasted 00:08:34 (1498 turns).

dstrtnsr the Skirmisher (Ogre Enchanter)            Turns: 1498, Time: 00:08:35

Health: 0/45       AC:  3    Str: 12    XL:     4   Next: 26%
Magic:  0/8        EV: 10    Int: 17    God:
Gold:   57         SH:  0    Dex:  9    Spells: 3/9 levels left

rFire    . . .     SeeInvis .     - Unarmed
rCold    . . .     Gourm    .   (no shield)
rNeg     . . .     Faith    .   b - +0 robe
rPois    .         Spirit   .   (helmet restricted)
rElec    .         Reflect  .   (no cloak)
rCorr    .         Harm     .   (gloves unavailable)
MR       .....                  (boots unavailable)
Stlth    ++........             (no amulet)
HPRegen  0.15/turn              (no ring)
MPRegen  0.11/turn              (no ring)

@: lethally poisoned (0 -> -18), very slightly contaminated
A: large, unfitting armour, tough skin 1
a: no special abilities


You were on level 4 of the Dungeon.
You were hungry.

You visited 1 branch of the dungeon, and saw 4 of its levels.

You collected 57 gold pieces.

Inventory:

Hand Weapons
 a - a +1 dagger
Armour
 b - a +0 robe (worn)
Jewellery
 l - an uncursed ring of ice
Scrolls
 k - a scroll of remove curse {unknown}
Potions
 c - 2 potions of cancellation
 g - 3 potions of curing
 h - a potion of magic {unknown}
 i - a potion of mutation {unknown}
 j - a potion of brilliance {unknown}
 m - a potion of heal wounds {unknown}
Comestibles
 d - a ration {!d}


   Skills:
 + Level 3.3 Fighting
 - Level 1.0 Short Blades
 - Level 1.7 Dodging
 - Level 2.1 Stealth
 * Level 1.6 Unarmed Combat
 - Level 3.1 Spellcasting
 - Level 2.6 Hexes


You had 3 spell levels left.
You knew the following spells:

 Your Spells              Type           Power        Failure   Level  Hunger
a - Corona                Hex            ##.....      6%          1    None
b - Ensorcelled Hibernat  Hex/Ice        #.....       16%         2    ##.....
c - Confuse               Hex            ##......     17%         3    ###....


Dungeon Overview and Level Annotations

Branches:
Dungeon (4/15)
 Temple: D:4-7

Altars:


Innate Abilities, Weirdness & Mutations

You are too large for most types of armour.
You have tough skin. (AC +1)


Message History

The ooze hits you.
Damage: -2%(-1hp) hp: 83%(37hp)
You hit the ooze but do no damage.
The ooze is almost dead.
The ooze hits you but does no damage.
You hit the ooze.
You kill the ooze!
The orc closely misses you.
You hit the orc.
The orc is moderately wounded.
The orc hits you with a club.
Damage: -14%(-6hp) hp: 69%(31hp)
You hit the orc.
The orc is almost dead.
The orc hits you with a club.
You hit the orc.
You kill the orc!
No target in view!
Found an escape hatch in the ceiling.
Found a scroll labeled GEKHLI DIMOSIRCH.
You see here a scroll labeled GEKHLI DIMOSIRCH.
f - 2 scrolls labeled GEKHLI DIMOSIRCH (gained 1)
A scorpion and an orc come into view.
The orc is wielding a dagger of venom.
As you read the scroll labeled GEKHLI DIMOSIRCH, it crumbles to dust.
It is a scroll of identify.
c - 2 potions of cancellation
As you read the scroll of identify {@r1}, it crumbles to dust.
g - 3 potions of curing
Casting: Corona (safe; 6% risk of failure)
Confirm with . or Enter, or press ? or * to list all spells.
Aiming: Confuse (safe; 17% risk of failure)
Press: ? - help, Shift-Dir - straight line, f - scorpion
Aim: a scorpion (chance to defeat MR: 42%)
You miscast Confuse.
You are very lightly contaminated with residual magic.
The light around you dims momentarily.
You are feeling hungry.
Casting: Confuse (safe; 17% risk of failure)
Confirm with . or Enter, or press ? or * to list all spells.
Aiming: Confuse (safe; 17% risk of failure)
Press: ? - help, Shift-Dir - straight line, f/p - scorpion
Aim: a scorpion (chance to defeat MR: 42%)
You miscast Confuse.
You feel a bit tired.
The scorpion stings you but does no damage.
Casting: Confuse (safe; 17% risk of failure)
Confirm with . or Enter, or press ? or * to list all spells.
Aiming: Ensorcelled Hibernation (safe; 16% risk of failure)
Press: ? - help, Shift-Dir - straight line, f/p - scorpion
Aim: a scorpion (chance to defeat MR: 38%)
The scorpion looks drowsy...
Unknown command.
The helpless scorpion fails to defend itself.
You hit the scorpion but do no damage. The scorpion barely misses you.
You barely miss the scorpion. The scorpion stings you!
Huge Dmg: -17%(-8hp) hp: 63%(28hp)
There is an escape hatch in the ceiling here.
Unknown command.
The scorpion stings you.
You are poisoned.
The scorpion poisons you!
Damage: -11%(-5hp) hp: 54%(24hp)
Casting: Ensorcelled Hibernation (safe; 16% risk of failure)
Confirm with . or Enter, or press ? or * to list all spells.
Aiming: Corona (safe; 6% risk of failure)
Press: ? - help, Shift-Dir - straight line, f/p - scorpion
Aim: a scorpion (chance to defeat MR: 47%)
You miscast Corona.
You feel a bit tired.
You feel sick. The scorpion barely misses you.
Damage: -2%(-1hp) hp: 52%(23hp)
You are too injured to fight recklessly!
Unknown command.
Wield which item (- for none, * to show all)? (? for menu, Esc to quit)
You are now empty-handed.
You feel sick.
Damage: -3%(-1hp) hp: 49%(22hp) Unknown command.
You are too injured to fight recklessly!
You are too injured to fight recklessly!
You are too injured to fight recklessly!
You are too injured to fight recklessly!
You closely miss the scorpion.
You feel sick. The scorpion stings you.
* * * LOW HITPOINT WARNING * * *
Huge Dmg: -13%(-6hp) hp: 36%(16hp)
You hit the scorpion.
The scorpion is moderately wounded.
The scorpion barely misses you.
Unknown command.
You barely miss the scorpion.
The scorpion is moderately wounded.
You feel sick. The scorpion stings you.
* * * LOW HITPOINT WARNING * * *
You are lethally poisoned!
The scorpion poisons you!
Huge Dmg: -13%(-6hp) hp: 23%(10hp)
You hit the scorpion.
The scorpion is moderately wounded.
* * * LOW HITPOINT WARNING * * *
You feel sick. The scorpion stings you!
You die...

#.#####.#.##.## #.#
#.#...... #.#
#........ #.#
#..###...
#.#####......##
#####.....).####.##
#....#..#####......
#.#.###.# ###.##.#
#.@## ##.##......##
#.#s## ###....a..[
#..<.#..# #.....###
#.......# #...<.#
#.##.##.# #.....#
#.# ... .########
#.#####..#
#........#
#####.......


You could see a scorpion.

Vanquished Creatures
  An adder (D:3)
  2 oozes
  A worm (D:3)
  A dart slug (D:1)
  A leopard gecko (D:3)
  2 orcs
  3 giant cockroaches
  7 goblins
  6 hobgoblins
  A quokka (D:3)
  5 bats
  2 frilled lizards
  4 kobolds
  8 rats
44 creatures vanquished.

Notes
Turn   | Place    | Note
-------+----------+-------------------------------------------
     0 | D:1      | dstrtnsr the Ogre Enchanter began the quest for the Orb.
     0 | D:1      | Reached XP level 1. HP: 16/16 MP: 3/3
    17 | D:1      | Reached skill level 1 in Short Blades
    69 | D:1      | Reached XP level 2. HP: 24/24 MP: 1/6
    98 | D:1      | HP: 8/24 [hobgoblin/club (3)]
   103 | D:1      | HP: 8/26 [bat (1)]
   108 | D:1      | HP: 4/26 [kobold/dagger (4)]
   308 | D:1      | Reached skill level 1 in Fighting
   315 | D:1      | Learned a level 2 spell: Ensorcelled Hibernation
   527 | D:1      | Reached XP level 3. HP: 26/36 MP: 3/7
   661 | D:2      | Learned a level 3 spell: Confuse
   823 | D:3      | Reached skill level 1 in Unarmed Combat
  1081 | D:3      | Reached XP level 4. HP: 31/45 MP: 0/8
  1381 | D:4      | Noticed a phantom
  1495 | D:4      | HP: 16/45 [scorpion (5)]
  1498 | D:4      | Slain by a scorpion

Vault maps used:
D:1:      dpeg_arrival_rooms_a
D:2:      dancing_weapons_uskayaw, first_ration, minmay_lizard_pond
D:4:      serial_shops, shop, kennysheep_orc_chapel

Skill      XL: |  1  2  3 |
---------------+----------+-----
Short Blades   | 1 |  1.0
Spellcasting   | 3 |  3.1
Fighting       | 2 3 |  3.3
Unarmed Combat | 1 |  1.6
Dodging        | |  1.7
Stealth        | |  2.1
Hexes          | |  2.6

Action                   |  1- 3 |  4- 6 || total
-------------------------+-------+-------++-------
Melee: Dagger            |   154 |    39 ||   193
       Unarmed           |       |     4 ||     4
 Cast: Corona            |    26 |     2 ||    28
       Ensorcelled Hiber |     6 |     3 ||     9
       Confuse           |     4 |     2 ||     6
  Use: Scroll            |       |     3 ||     3
 Stab: Sleeping          |     4 |     3 ||     7
       Confused          |     1 |       ||     1
  Eat: Chunk             |     1 |     2 ||     3
Armor: Robe              |    48 |     6 ||    54
Dodge: Dodged            |    85 |    21 ||   106

Table legend:
 A = Spawn XP
 B = Non-spawn XP
 C = Spawn XP percentage of total XP
 D = Spawn monster count
 E = Non-spawn monster count
 F = Spawn count percentage of total count
 G = Total turns spent on level
                    A         B        C        D         E        F      G
               +---------+---------+-------+---------+---------+-------+---------
         Total |       0 |     104 |   0.0 |       0 |      44 |   0.0 |  1498
               +---------+---------+-------+---------+---------+-------+---------
           D:1 |       0 |      35 |   0.0 |       0 |      19 |   0.0 |   564
           D:2 |       0 |      16 |   0.0 |       0 |       7 |   0.0 |   218
           D:3 |       0 |      43 |   0.0 |       0 |      16 |   0.0 |   549
           D:4 |       0 |      10 |   0.0 |       0 |       2 |   0.0 |   167
               +---------+---------+-------+---------+---------+-------+---------
